 Dungeon Crawl Stone Soup version 0.20.0-6-gd3061e9 (webtiles) character file.

80 MTVSty1e the Ruffian (level 4, -2/35 HPs)
             Began as a Draconian Transmuter on May 28, 2017.
             Killed from afar by a white imp (7 damage)
             ... with a puff of frost
             ... summoned by Natasha
             ... on level 2 of the Dungeon.
             The game lasted 00:03:15 (2104 turns).

MTVSty1e the Ruffian (Draconian Transmuter)         Turns: 2104, Time: 00:03:16

Health: -2/35      AC:  5    Str: 13    XL:     4   Next: 18%
Magic:  8/8        EV: 12    Int: 13    God:
Gold:   54         SH:  0    Dex: 12    Spells: 7/8 levels left

rFire    + . .     SeeInvis .     - Unarmed
rCold    . . .     Gourm    .   (no shield)
rNeg     . . .     Faith    .   (armour unavailable)
rPois    .         Spirit   .   (helmet restricted)
rElec    .         Reflect  .   (no cloak)
rCorr    .         Harm     .   (no gloves)
MR       .....                  (no boots)
Stlth    +.........             (no amulet)
Regen    0.2/turn               j - ring of protection from fire
MPRegen  0.2/turn               (no ring)

@: no status effects
A: unfitting armour, cold-blooded, AC +5
a: no special abilities


You were on level 2 of the Dungeon.
You were not hungry.

You visited 1 branch of the dungeon, and saw 2 of its levels.

You collected 54 gold pieces.

Inventory:

Missiles
 a - 29 arrows
Jewellery
 j - a ring of protection from fire (left hand)
Scrolls
 e - 3 scrolls of remove curse {unknown}
 g - a scroll of recharging {unknown}
Potions
 d - a potion of mutation {unknown}
 h - 2 potions of curing {unknown}
 i - a potion of haste {unknown}
 m - a potion of magic {unknown}
 n - a potion of resistance {unknown}
Books
 b - a book of Changes

   Spells                             Type                      Level
   a - Beastly Appendage              Transmutation                1
   b - Sticks to Snakes               Transmutation                2
   c - Spider Form                    Transmutation/Poison         3
   d - Ice Form                       Ice/Transmutation            4
   e - Blade Hands                    Transmutation                5
Comestibles
 c - a royal jelly
 f - 6 fruits
 k - 2 bread rations
 l - a meat ration


   Skills:
 + Level 1.5 Fighting
 + Level 2.0 Dodging
 + Level 0.6 Stealth
 + Level 3.9 Unarmed Combat
 + Level 2.7 Spellcasting
 + Level 2.3 Transmutations


You had 7 spell levels left.
You knew the following spells:

 Your Spells              Type           Power        Failure   Level  Hunger
a - Beastly Appendage     Tmut           #.....       9%          1    #......


Dungeon Overview and Level Annotations

Branches:
Dungeon (2/15)

Altars:

Annotations:
D:2 Natasha


Innate Abilities, Weirdness & Mutations

Your plain brown scales are hard. (AC +5)
You cannot fit into any form of body armour.
You are cold-blooded and may be slowed by cold attacks.


Message History

You tail-slap Natasha, but do no damage.
Natasha is moderately wounded.
Natasha claws you!
You hit Natasha.
Natasha is moderately wounded.
The white imp gestures at you. The puff of frost hits you!
* * * LOW HITPOINT WARNING * * *
Natasha closely misses you.
You closely miss Natasha.
Natasha is moderately wounded.
The white imp misses you. Natasha casts a spell at you.
The magic dart hits you!
* * * LOW HITPOINT WARNING * * *
You hit Natasha.
Natasha is severely wounded.
The white imp gestures at you. The puff of frost hits you!
You die...

#.####.#.# #.........
#.#.###..#########
#.#.##...........# #.#
#..÷#######.# #.#
#.÷.....# .# #.#
#.#.###.# .# #.#
#.#.###.###.#####. #
#.#.#.5...÷.......
.##.#.#.#@#...........
........#h#####.######
#.......#####.#
###...........#
#############


You could see Natasha and a white imp.

Vanquished Creatures
  Natasha (D:2)
  An adder (D:2)
  A worm (D:2)
  An orc (D:2)
  4 giant cockroaches
  3 goblins (D:1)
  4 hobgoblins
  3 jackals
  A ball python (D:1)
  7 bats
  5 frilled lizards
  6 kobolds
  6 rats
43 creatures vanquished.

Notes
Turn   | Place    | Note
-------+----------+-------------------------------------------
     0 | D:1      | MTVSty1e the Draconian Transmuter began the quest for the Orb.
     0 | D:1      | Reached XP level 1. HP: 16/16 MP: 3/3
   223 | D:1      | Reached XP level 2. HP: 14/23 MP: 5/5
  1265 | D:2      | Reached XP level 3. HP: 28/28 MP: 4/6
  1787 | D:2      | Noticed Natasha
  1798 | D:2      | Killed Natasha
  1798 | D:2      | Reached XP level 4. HP: 4/35 MP: 5/8
  2085 | D:2      | Noticed Natasha
  2104 | D:2      | Killed from afar by a white imp

Skill      XL: |  1  2  3 |
---------------+----------+-----
Dodging        | 2 |  2.0
Fighting       | |  1.5
Stealth        | |  0.6
Unarmed Combat | |  3.9
Spellcasting   | |  2.7
Transmutations | |  2.3

Action                   |  1- 3 |  4- 6 || total
-------------------------+-------+-------++-------
Melee: Unarmed           |   141 |    14 ||   155
       Tailslap          |    13 |     3 ||    16
       Punch             |     3 |       ||     3
       Kick              |     8 |     3 ||    11
       Headbutt          |     5 |       ||     5
 Cast: Beastly Appendage |    21 |     1 ||    22
  Eat: Bread ration      |     1 |       ||     1
Armor: Skin              |    35 |     4 ||    39
Dodge: Dodged            |   101 |     4 ||   105
